 Dungeon Crawl Stone Soup version 0.19.0 (webtiles) character file.

1744 Eucla the Cleaver (level 8, -2/74 HPs)
             Began as a Minotaur Gladiator on Nov 16, 2016.
             Was a Follower of Okawaru.
             Killed by divine providence
             ... invoked by an orc priest
              (12 damage)
             ... on level 7 of the Dungeon.
             The game lasted 00:06:56 (5297 turns).

Eucla the Cleaver (Minotaur Gladiator)              Turns: 5297, Time: 00:06:57

Health: -2/74      AC: 14    Str: 20    XL:     8   Next: 77%
Magic:  6/7        EV: 10    Int:  5    God:    Okawaru [*.....]
Gold:   159        SH:  0    Dex: 13    Spells: 0 memorised, 7 levels left

rFire  . . .     SeeInvis .     a - +0 war axe
rCold  . . .     Gourm    .     J - +0 plate armour
rNeg   . . .     Faith    .     (no shield)
rPois  .         Spirit   .     c - +0 hat
rElec  .         Reflect  .     C - +0 cloak
rCorr  .         Harm     .     w - +2 pair of gloves
MR     +....                    (no boots)
Stlth  ..........               (no amulet)
                                g - +4 ring of evasion (curse)
                                h - ring of protection from magic

@: no status effects
A: retaliatory headbutt, horns 2
a: Heroism, Renounce Religion


You were on level 7 of the Dungeon.
You worshipped Okawaru.
Okawaru was aware of your devotion.
You were hungry.

You visited 1 branch of the dungeon, and saw 7 of its levels.

You collected 363 gold pieces.
You spent 204 gold pieces at shops.

Inventory:

Hand Weapons
 a - a +0 war axe (weapon)
Missiles
 d - 3 throwing nets (quivered)
Armour
 c - a +0 hat (worn)
 r - a +0 chain mail
 w - a +2 pair of gloves (worn)
 C - a +0 cloak (worn)
 J - a +0 plate armour (worn)
Jewellery
 g - a cursed +4 ring of evasion (right hand)
 h - a ring of protection from magic (left hand)
Scrolls
 e - 3 scrolls of vulnerability {unknown}
 i - a scroll of fear {unknown}
 j - 2 scrolls of fog {unknown}
 m - 2 scrolls of recharging
 p - a scroll of enchant weapon {unknown}
 q - 2 scrolls of teleportation
 u - 2 scrolls of amnesia {unknown}
 v - a scroll of magic mapping {unknown}
 y - 2 scrolls of blinking
 z - 2 scrolls of enchant armour
 B - a scroll of remove curse
 G - a scroll of holy word {unknown}
Potions
 b - 2 potions of agility
 k - a potion of haste {unknown}
 l - a potion of curing
 n - a potion of cancellation
 o - 2 potions of lignification
 s - a potion of brilliance {unknown}
 t - 2 potions of degeneration
 A - a potion of cure mutation
 F - 2 potions of flight
 K - a potion of mutation {unknown}
Books
 x - a book of Maledictions

   Spells                             Type                      Level
   a - Corona                         Hexes                        1
   b - Ensorcelled Hibernation        Hexes/Ice                    2
   c - Confuse                        Hexes                        3
   d - Tukima's Dance                 Hexes                        3
   e - Dazzling Spray                 Conjuration/Hexes            3
 I - a book of Cantrips

   Spells                             Type                      Level
   a - Confusing Touch                Hexes                        1
   b - Animate Skeleton               Necromancy                   1
   c - Summon Small Mammal            Summoning                    1
   d - Apportation                    Translocation                1
Comestibles
 f - 4 bread rations
 D - 2 beef jerkies
 E - a meat ration
 H - 4 fruits


   Skills:
 + Level 8.2 Fighting
 * Level 11.3 Axes
 - Level 2.0 Throwing
 - Level 3.2 Dodging


You had 7 spell levels left.
You didn't know any spells.

Dungeon Overview and Level Annotations

Branches:
Dungeon (7/15)             Temple (0/1) D:7

Altars:
Okawaru
Sif Muna
Vehumet
Zin
The Shining One

Shops:
D:4 ?


Innate Abilities, Weirdness & Mutations

You reflexively headbutt those who attack you in melee.
You have a pair of horns on your head.


Message History

You barely miss the orc warrior.
The orc warrior is heavily wounded.
You hit the orc.
The orc warrior hits you with a halberd!
* * * LOW HITPOINT WARNING * * *
The orc barely misses you.
Unknown command.
You slash the orc warrior!
You kill the orc warrior!
Okawaru accepts your kill.
You closely miss the orc.
Unknown command.
You hit the orc priest but do no damage.
Your headbutt misses the orc priest.
Your plate armour prevents you from hitting the orc.
You feel like a meek peon again. The orc hits you but does no damage.
The orc priest invokes the aid of Beogh against you.
Beogh smites you!
You die...

..#...h.o<## .......
...>....>..# .......
...........# #......
.........o.# #...)..
.......(.(o## #.#....
.........ooo#### #......
..........#ooo.## ##.....
...#.....#####o.####......)
.. ##.#..o@o.h#.##...#.....
# #.#######..........#...
#. ##.###.###..... ..
#.....#####... #####..#
###. ###..######. .#
#...........
....###.......####
##.....#####.#...


You could see a howler monkey, an orc priest and 2 orcs.

Vanquished Creatures
  Edmund (D:5)
  3 orc warriors
  Duvessa (D:6)
  2 ice beasts (D:5)
  An ogre (D:4)
  3 phantoms
  Dowan (D:6)
  2 crimson imps
  A centaur zombie (D:6)
  A quasit (D:5)
  A hound (D:7)
  An orc priest (D:3)
  A bullfrog skeleton (D:5)
  Jessica (D:2)
  3 iguanas
  An orc wizard (D:7)
  A worker ant (D:5)
  A hound zombie (D:6)
  A hound skeleton (D:5)
  2 howler monkey skeletons
  9 adders
  A shadow imp (D:5)
  An ooze (D:4)
  An adder skeleton (D:4)
  A worm (D:3)
  2 dart slugs
  4 leopard geckos
  18 orcs
  9 giant cockroaches
  15 goblins
  9 hobgoblins
  14 jackals
  A quokka (D:7)
  A ball python (D:4)
  5 bats
  6 frilled lizards
  A jackal skeleton (D:6)
  6 kobolds
  A quokka skeleton (D:5)
  11 rats
145 creatures vanquished.

Vanquished Creatures (others)
  An adder (D:2)
1 creature vanquished.

Grand Total: 146 creatures vanquished

Notes
Turn   | Place    | Note
-------+----------+-------------------------------------------
     0 | D:1      | Eucla the Minotaur Gladiator began the quest for the Orb.
     0 | D:1      | Reached XP level 1. HP: 18/18 MP: 0/0
   110 | D:1      | Reached skill level 4 in Axes
   148 | D:1      | Reached XP level 2. HP: 21/25 MP: 1/1
   537 | D:2      | Noticed Jessica
   549 | D:2      | Killed Jessica
   549 | D:2      | Reached skill level 5 in Axes
   549 | D:2      | Reached XP level 3. HP: 5/31 MP: 2/2
   880 | D:2      | Reached XP level 4. HP: 38/38 MP: 3/3
  1234 | D:2      | Found a radiant altar of Vehumet.
  2093 | D:3      | Reached skill level 6 in Axes
  2116 | D:3      | Found a deep blue altar of Sif Muna.
  2128 | D:3      | Reached XP level 5. HP: 46/46 MP: 4/4
  2391 | D:4      | Noticed a phantom
  2429 | D:4      | Killed a phantom
  2429 | D:4      | Reached skill level 7 in Axes
  2429 | D:4      | Reached XP level 6. HP: 46/53 MP: 5/5
  2496 | D:4      | Reached skill level 5 in Fighting
  2900 | D:4      | Found Sitappul's Magic Scroll Emporium.
  2945 | D:4      | Bought a scroll of blinking for 90 gold pieces
  2945 | D:4      | Bought a scroll of identify for 24 gold pieces
  2945 | D:4      | Bought a scroll of enchant armour for 90 gold pieces
  2989 | D:4      | Found a glowing golden altar of the Shining One.
  3217 | D:5      | Entered Level 5 of the Dungeon
  3296 | D:5      | Found an iron altar of Okawaru.
  3344 | D:5      | Became a worshipper of Warmaster Okawaru
  3381 | D:5      | Noticed Edmund
  3394 | D:5      | Killed Edmund
  3394 | D:5      | Reached skill level 8 in Axes
  3394 | D:5      | Reached XP level 7. HP: 39/62 MP: 6/6
  3757 | D:5      | Reached skill level 9 in Axes
  3810 | D:5      | Reached * piety under Okawaru
  3810 | D:5      | Reached XP level 8. HP: 31/71 MP: 7/7
  4287 | D:6      | Reached skill level 10 in Axes
  4388 | D:6      | Found a glowing silver altar of Zin.
  4388 | D:6      | Noticed an angel
  4411 | D:6      | Noticed Duvessa
  4412 | D:6      | Noticed Dowan
  4418 | D:6      | Killed Duvessa
  4425 | D:6      | Killed Dowan
  5134 | D:7      | Reached skill level 11 in Axes
  5264 | D:7      | Found a staircase to the Ecumenical Temple.
  5297 | D:7      | Killed from afar by an orc priest

Skill      XL: |  1  2  3  4  5  6  7  8 |
---------------+-------------------------+-----
Axes           | 4 5 6 7 8 9 11 | 11.3
Fighting       | 3 4 5 6 8 |  8.2
Throwing       | |  2.0
Dodging        | |  3.2

Action                   |  1- 3 |  4- 6 |  7- 9 || total
-------------------------+-------+-------+-------++-------
Melee: War axe           |    42 |   172 |   144 ||   358
       Headbutt          |     8 |    30 |    28 ||    66
       Punch             |       |       |     1 ||     1
Invok: Heroism           |       |       |     3 ||     3
  Use: Scroll            |       |     7 |     2 ||     9
       Potion            |       |       |     2 ||     2
  Eat: Chunk             |       |     2 |       ||     2
       Pizza             |       |     2 |       ||     2
       Royal jelly       |       |     1 |       ||     1
       Beef jerky        |       |     1 |       ||     1
       Meat ration       |       |       |     1 ||     1
Armor: Leather armour    |    11 |     5 |       ||    16
       Chain mail        |       |   110 |    55 ||   165
       Plate armour      |       |       |    22 ||    22
Dodge: Dodged            |    34 |   108 |    78 ||   220
